 Dungeon Crawl Stone Soup version 0.21.0-3-g78d12a8bdd (webtiles) character file.

419 rickard9 the Slasher (level 7, 0/50 HPs)
             Began as a Human Gladiator on Jan 8, 2018.
             Succumbed to Mukku's ghost's sting
             ... on level 5 of the Dungeon.
             The game lasted 00:10:11 (4537 turns).

rickard9 the Slasher (Human Gladiator)              Turns: 4537, Time: 00:10:11

Health: 0/50       AC:  4    Str: 15 (17) XL:     7   Next: 16%
Magic:  7/7        EV: 13    Int:  8 (9)  God:
Gold:   217        SH:  0    Dex: 14 (16) Spells: 6/6 levels left

rFire    . . .     SeeInvis .   a - +0 long sword
rCold    . . .     Gourm    .   (no shield)
rNeg     . . .     Faith    .   b - +0 leather armour
rPois    .         Spirit   .   c - +0 helmet
rElec    .         Reflect  .   (no cloak)
rCorr    .         Harm     .   (no gloves)
MR       .....                  (no boots)
Stlth    +.........             (no amulet)
HPRegen  0.16/turn              i - +3 ring of strength
MPRegen  0.10/turn              (no ring)

@: lethally poisoned (0 -> -9), very slightly contaminated, invisible
A: no striking features
a: no special abilities


You were on level 5 of the Dungeon.
You were not hungry.

You visited 1 branch of the dungeon, and saw 5 of its levels.

You collected 217 gold pieces.

Inventory:

Hand Weapons
 a - a +0 long sword (weapon)
Missiles
 d - 3 throwing nets (quivered)
Armour
 b - a +0 leather armour (worn)
 c - a +0 helmet (worn)
Jewellery
 i - a +3 ring of strength (left hand)
Scrolls
 e - a scroll of blinking {unknown}
 h - 3 scrolls of remove curse {unknown}
 j - 2 scrolls of fog {unknown}
 l - 2 scrolls of identify {unknown}
 m - 2 scrolls of amnesia {unknown}
 o - a scroll of immolation {unknown}
 r - 4 scrolls of noise {unknown}
 s - 2 scrolls of teleportation {unknown}
 x - a scroll of fear {unknown}
Potions
 k - 2 potions of brilliance
 u - a potion of degeneration
 v - a potion of cancellation {unknown}
 w - a potion of heal wounds {unknown}
Books
 t - a book of Misfortune

   Spells                             Type                      Level
   a - Confusing Touch                Hexes                        1
   b - Confuse                        Hexes                        3
   c - Gell's Gravitas                Translocation                3
   d - Petrify                        Transmutation/Earth          4
   e - Metabolic Englaciation         Hexes/Ice                    5
   f - Yara's Violent Unravelling     Hexes/Transmutation          5
Comestibles
 f - 3 rations


   Skills:
 - Level 2.0 Fighting
 + Level 7.6 Long Blades
 - Level 2.0 Throwing
 - Level 3.0 Dodging


You had 6 spell levels left.
You didn't know any spells.

Dungeon Overview and Level Annotations

Branches:
Dungeon (5/15)
 Temple: D:4-7

Altars:
Elyvilon

Annotations:
D:5 Mukku's ghost, novice BaVM


Message History

You feel sick.
Mukku's ghost gestures at you while chanting.
The sting hits you!
You are more poisoned.
* * * LOW HITPOINT WARNING * * *
You hit Mukku's ghost.
Mukku's ghost is almost destroyed.
You feel sick. Mukku's ghost hits you.
* * * LOW HITPOINT WARNING * * *
It was a potion of magic.
Magic courses through your body. Mukku's ghost casts a spell at you.
The sting hits you!
You are more poisoned.
You closely miss Mukku's ghost.
Mukku's ghost is almost destroyed.
* * * LOW HITPOINT WARNING * * *
You feel sick. Mukku's ghost barely misses you.
You hit Mukku's ghost.
Mukku's ghost is almost destroyed.
You die...

#.# #####
##.#####...########
#..................
##...####...#######.
#.....# ##......###.
##...## ##.........
########.[## #####.####
..........# #.....
#########@# #.#### ##W##
#.# # #.†.# #.####
#....$# # #....#
#.......# ###.#....#
#......).>. .........#
.'............).....<..
###........(.###........
##.......#.# #........


You could see Mukku's ghost.

Vanquished Creatures
  An orc priest (D:3)
  An iguana (D:4)
  An orc wizard (D:3)
  3 worker ants (D:5)
  4 gnolls (D:2)
  12 adders
  4 worms
  2 dart slugs (D:1)
  4 leopard geckos
  8 orcs
  9 ball pythons
  2 giant cockroaches
  12 goblins
  4 hobgoblins
  5 kobolds
  4 quokkas
  7 bats
  10 frilled lizards
  A jackal skeleton (D:4)
  A leopard gecko skeleton (D:4)
  12 rats
107 creatures vanquished.

Notes
Turn   | Place    | Note
-------+----------+-------------------------------------------
     0 | D:1      | rickard9 the Human Gladiator began the quest for the Orb.
     0 | D:1      | Reached XP level 1. HP: 16/16 MP: 1/1
    70 | D:1      | Reached XP level 2. HP: 18/22 MP: 2/2
   349 | D:1      | Reached skill level 4 in Long Blades
   349 | D:1      | Reached XP level 3. HP: 27/27 MP: 3/3
   682 | D:2      | Reached XP level 4. HP: 27/33 MP: 4/4
   692 | D:2      | Reached skill level 5 in Long Blades
  1198 | D:2      | Reached XP level 5. HP: 33/38 MP: 5/5
  1778 | D:2      | Reached skill level 6 in Long Blades
  2367 | D:3      | Reached XP level 6. HP: 42/44 MP: 6/6
  3389 | D:3      | Reached skill level 7 in Long Blades
  3439 | D:4      | Found a white marble altar of Elyvilon.
  4160 | D:5      | Entered Level 5 of the Dungeon
  4182 | D:5      | Reached XP level 7. HP: 19/50 MP: 7/7
  4481 | D:5      | Noticed Mukku's ghost (novice BaVM)
  4534 | D:5      | HP: 2/50 [Mukku's ghost (6)]
  4537 | D:5      | Succumbed to Mukku's ghost's sting

Skill      XL: |  1  2  3  4  5  6 |
---------------+-------------------+-----
Long Blades    | 4 5 6 7 |  7.6
Fighting       | |  2.0
Throwing       | |  2.0
Dodging        | |  3.0

Action                   |  1- 3 |  4- 6 |  7- 9 || total
-------------------------+-------+-------+-------++-------
Melee: Long sword        |    67 |   246 |    53 ||   366
  Use: Potion            |       |     2 |     6 ||     8
 Stab: Sleeping          |     1 |     3 |       ||     4
       Invisible         |       |       |     1 ||     1
  Eat: Chunk             |       |    10 |     2 ||    12
Armor: Leather armour    |    21 |    55 |     4 ||    80
       Skin              |       |       |    24 ||    24
Dodge: Dodged            |    58 |   195 |    12 ||   265
       Rpst.: Long sword |    20 |    60 |     7 ||    87
